 Dungeon Crawl Stone Soup version 0.31-a0-675-g238779eb0a (webtiles) character file.

Game seed: 8878921653045132267

8 Essalna the Conjurer (level 2, 12/19 HPs)
             Began as a Demonspawn Conjurer on Sept 5, 2023.
             Got out of the dungeon alive.
             The game lasted 00:00:26 (216 turns).

Essalna the Conjurer (Demonspawn Conjurer)           Turns: 216, Time: 00:00:27

Health: 12/19      AC:  2    Str:  7    XL:     2   Next: 0%
Magic:  3/5        EV: 12    Int: 19    God:
Gold:   0          SH:  0    Dex: 11    Spells: 4/5 levels left

rFire   . . .        (no weapon)
rCold   . . .        (no shield)
rNeg    . . .        a - +0 robe
rPois   .            (no helmet)
rElec   .            (no cloak)
rCorr   .            (no gloves)
SInv    .            (no boots)
Will    .....        (no amulet)
Stlth   ++           (no ring)
HPRegen 0.23/turn    (no ring)
MPRegen 0.09/turn

%: no passive effects
@: no status effects
A: claws 1
a: no special abilities


You escaped.
You visited 1 branch of the dungeon, and saw 1 of its levels.

Inventory:

Armour
 a - a +0 robe (worn)
Scrolls
 c - a scroll of identify {unknown}
Potions
 b - a potion of magic


   Skills:
 - Level 1.7 Dodging
 - Level 1.7 Stealth
 + Level 2.3 Spellcasting
 + Level 4.2 Conjurations


You had 4 spell levels left.
You knew the following spells:

 Your Spells              Type           Power      Damage    Failure   Level
a - Magic Dart            Conj           72%        1d6       3%          1

Your spell library contained the following spells:

 Spells                   Type           Power      Damage    Failure   Level
 Searing Ray              Conj           36%        2d5       4%          2
 Dazzling Flash           Conj/Hex       20%        N/A       21%         3
 Fulminant Prism          Conj/Hex       5%         3d6       56%         4
 Iskenderun's Mystic Bla  Conj/Tloc      10%        2d4       56%         4


Dungeon Overview and Level Annotations

Branches:
Dungeon (1/15)

Altars:


Innate Abilities, Weirdness & Mutations

You have sharp fingernails.


Message History

You hit the hobgoblin.
The hobgoblin is heavily wounded.
The hobgoblin hits you.
You hit the hobgoblin but do no damage.
The hobgoblin is heavily wounded.
The hobgoblin hits you.
Casting: Magic Dart (safe; 3% risk of failure)
Confirm with . or Enter, or press ? or * to list all spells.
Aiming: Magic Dart (safe; 3% risk of failure)
Press: ? - help, Shift-Dir - straight line, f - hobgoblin
Aim: a hobgoblin (heavily wounded, 100% to hit)
The magic dart hits the hobgoblin.
You kill the hobgoblin!
You barely miss the rat. The rat bites you.
You barely miss the rat. The rat completely misses you.
You hit the rat but do no damage. The rat barely misses you.
You hit the rat.
The rat is moderately wounded.
The rat twitches its whiskers.
The rat barely misses you.
You closely miss the rat.
The rat is moderately wounded.
The rat bites you but does no damage.
You hit the rat but do no damage.
The rat is moderately wounded.
The rat bites you.
You hit the rat but do no damage.
The rat is moderately wounded.
The rat misses you.
You hit the rat.
The rat is severely wounded.
The rat bites you but does no damage.
You hit the rat.
You kill the rat!
You have reached level 2!
Your demonic ancestry asserts itself...
Your fingernails lengthen.
You see here 5 poisoned darts.
There is a staircase leading out of the dungeon here.
You have escaped!

#### # ## #. #. #.
########### #.
#.........########.
#.@..............(.
#........##########
#........##
#.....#...##
#....###...##
###.## ##...## #.#
##...##
#.#######...##.#
#..†...........#


There were no monsters in sight!

Vanquished Creatures
  3 bats (D:1)
  An endoplasm (D:1)
  A hobgoblin (D:1)
  3 rats (D:1)
8 creatures vanquished.

Notes
Turn   | Place    | Note
-------+----------+-------------------------------------------
     0 | D:1      | Essalna the Demonspawn Conjurer began the quest for the
                  | Orb.
     0 | D:1      | Reached XP level 1. HP: 13/13 MP: 3/3
   190 | D:1      | Gained mutation: You have sharp fingernails. [demonic
                  | ancestry]
   190 | D:1      | Reached XP level 2. HP: 7/19 MP: 0/5
   216 | D:$      | Got out of the dungeon alive.

Illustrated notes

Levels and vault maps discovered:
D:1:      elethiomel_arrival_shortcut, layout_basic, kennysheep_flooded_box,
          nicolae_the_louvre

Action                     || total
---------------------------++-------
  Melee: Unarmed           ||    17
   Cast: Magic Dart        ||    13
 Armour: Robe              ||    13
  Dodge: Dodged            ||     8

Table legend: (Time is in decaauts)
 A = Elapsed time spent in this place.
 B = Non-inter-level travel time spent in this place.
 C = Inter-level travel time spent in this place.
 D = Time resting spent in this place.
 E = Time spent auto-exploring this place.
 F = Levels seen in this place.
 G = Mean time per level.
                   A        B        C        D        E       F      G
               +--------+--------+--------+--------+--------+-----+--------+
         Total |    216 |    191 |     25 |      0 |    150 |   1 |  216.0 |
       Dungeon |    216 |    191 |     25 |      0 |    150 |   1 |  216.0 |
               +--------+--------+--------+--------+--------+-----+--------+

Top non-repeatable levels by time:
     D:1: 216 daAuts
